 Dungeon Crawl Stone Soup version 0.26-b1-32-g5d43845318 (webtiles) character file.

Game seed: 97448379932045075

543 DerHolg the Shooter (level 7, -15/56 HPs)
             Began as a Gnoll Wanderer on Jan 5, 2021.
             Was a Follower of Nemelex Xobeh.
             Demolished by an orc warrior
             ... wielding a +0 dire flail
              (22 damage)
             ... in the Ecumenical Temple.
             The game lasted 00:37:11 (5380 turns).

DerHolg the Shooter (Gnoll Wanderer)                Turns: 5380, Time: 00:37:11

Health: -15/56     AC: 10    Str: 16    XL:     7   Next: 27%
Magic:  0/10       EV: 10    Int: 13    God:    Nemelex Xobeh [*.....]
Gold:   361        SH:  0    Dex: 16    Spells: 9/10 levels left

rFire    . . .     SeeInvis .   a - +0 hand axe
rCold    . . .     Faith    .   (no shield)
rNeg     . . .     Spirit   +   l - +4 scale mail
rPois    .         Reflect  .   (no helmet)
rElec    .         Harm     .   (no cloak)
rCorr    .         Rampage  .   (no gloves)
Will     .....                  (no boots)
Stlth    +.........             s - amulet of guardian spirit
HPRegen  0.18/turn              (no ring)
MPRegen  0.12/turn              (no ring)

@: no status effects
A: distributed training, fangs 1, strong nose
a: Renounce Religion, Draw Escape, Draw Destruction, Draw Summoning


You were in the Ecumenical Temple.
You worshipped Nemelex Xobeh.
Nemelex Xobeh was aware of your devotion.
You visited 2 branches of the dungeon, and saw 8 of its levels.
You also visited: Sewer.

You collected 361 gold pieces.

Inventory:

Hand Weapons
 a - a +0 hand axe (weapon)
 b - a +1 hunting sling
Missiles
 i - 19 arrows
 r - 20 sling bullets
Armour
 l - a +4 scale mail (worn)
Jewellery
 s - an amulet of guardian spirit (around neck)
Wands
 q - a wand of paralysis (1)
 t - a wand of flame (1)
 x - a wand of enslavement (4)
Scrolls
 d - a scroll of blinking
 e - 7 scrolls of remove curse
 g - 3 scrolls of teleportation
 j - 2 scrolls of enchant weapon
Potions
 c - 4 potions of heal wounds {unknown}
 f - 7 potions of curing {unknown}
 h - a potion of might {unknown}
 k - a potion of lignification {unknown}
 n - a potion of mutation {unknown}
 p - a potion of degeneration {unknown}
 u - 3 potions of magic {unknown}


   Skills:
 + Level 5.2 Fighting
 + Level 2.3 Short Blades
 + Level 2.3 Long Blades
 + Level 2.3 Axes
 + Level 2.3 Maces & Flails
 + Level 2.3 Polearms
 + Level 2.3 Staves
 + Level 2.3 Slings
 + Level 5.2 Bows
 + Level 2.3 Crossbows
 + Level 3.5 Throwing
 + Level 3.5 Armour
 + Level 2.3 Dodging
 + Level 3.4 Stealth
 + Level 2.3 Shields
 + Level 2.3 Unarmed Combat
 + Level 2.3 Spellcasting
 + Level 1.9 Conjurations
 + Level 1.9 Hexes
 + Level 4.3 Summonings
 + Level 1.9 Necromancy
 + Level 1.9 Translocations
 + Level 1.9 Transmutations
 + Level 1.9 Fire Magic
 + Level 1.9 Ice Magic
 + Level 2.9 Air Magic
 + Level 1.9 Earth Magic
 + Level 1.9 Poison Magic
 + Level 2.6 Invocations
 + Level 2.3 Evocations


You had 9 spell levels left.
You knew the following spells:

 Your Spells              Type           Power        Failure   Level
a - Summon Small Mammal   Summ           48%          14%         1

Your spell library contained the following spells:

 Spells                   Type           Power        Failure   Level
 Call Imp                 Summ           12%          22%         2
 Call Canine Familiar     Summ           12%          41%         3
 Summon Guardian Golem    Hex/Summ       9%           56%         3
 Summon Lightning Spire   Summ/Air       10%          88%         4
 Summon Ice Beast         Ice/Summ       9%           93%         4


Dungeon Overview and Level Annotations

Branches:
Dungeon (8/15)             Temple (1/1) D:7           Sewer (visited)
   Lair: D:8-11

Altars:
Ashenzari
Makhleb
Nemelex Xobeh
Okawaru
Beogh

Shops:
D:4 !


Innate Abilities, Weirdness & Mutations

Your experience applies equally to all skills.
You have very sharp teeth.
Your uncanny sense of smell can sniff out nearby items.


Message History

A bullfrog and a worker ant come into view.
Found a yellow potion and a scroll of fog.
There is a stone staircase leading up here.
You can't go down here!
The orc warrior barely misses you.
You climb upwards.
The orc hits you but does no damage.
There is a stone staircase leading down here.
You closely miss the orc. Your bite misses the orc.
You closely miss the orc warrior.
The orc warrior hits you with a +0 dire flail!
* * * LOW HITPOINT WARNING * * *
The orc barely misses you.
There is a staircase to the Ecumenical Temple here.
The orc warrior hits you with a +0 dire flail.
* * * LOW HITPOINT WARNING * * *
You climb downwards.
Welcome to the Ecumenical Temple!
There is a staircase back to the Dungeon here.
The orc warrior hits you with a +0 dire flail!!
You die...
Your body glows slightly and disappears.

#.......##
+........
#.......##
#........#
#.......##
#........#
#.......##
+..@.....#
#..o....##
#........#
#.......##
#........#
#.......##
+........#
#.......##
##.......#


You could see an orc warrior.

Vanquished Creatures
  An orc warrior (D:3)
  A scorpion (D:4)
  A howler monkey (D:7)
  An orc priest (D:4)
  A hound (D:4)
  A jelly (D:6)
  A worker ant (D:4)
  10 adders
  An ooze (D:1)
  2 dart slugs
  2 leopard geckos
  7 orcs
  13 bats
  5 giant cockroaches
  8 goblins
  7 hobgoblins
  5 jackals
  8 kobolds
  6 ball pythons
  7 frilled lizards
  A leopard gecko skeleton (D:4)
  9 rats
98 creatures vanquished.

Vanquished Creatures (collateral kills)
  A bullfrog zombie (D:4)
  A hound (D:4)
  A bullfrog skeleton (D:4)
  4 adders
  A leopard gecko (D:3)
  2 orcs (D:4)
  A goblin (D:2)
  3 hobgoblins (D:2)
  A rat (D:2)
15 creatures vanquished.

Vanquished Creatures (others)
  2 plants (D:2)
2 creatures vanquished.

Grand Total: 115 creatures vanquished

Notes
Turn   | Place    | Note
-------+----------+-------------------------------------------
     0 | D:1      | DerHolg the Gnoll Wanderer began the quest for the Orb.
     0 | D:1      | DerHolg set off with the following items: a +0 hand axe, a
                  | +0 ring mail; and the following spell memorised: Summon
                  | Small Mammal; and the following spells available to
                  | memorise: Call Imp, Call Canine Familiar, Summon Guardian
                  | Golem, Summon Lightning Spire, Summon Ice Beast
     0 | D:1      | Reached XP level 1. HP: 20/20 MP: 1/1
   156 | D:1      | Reached XP level 2. HP: 26/26 MP: 2/2
   475 | D:1      | Reached XP level 3. HP: 28/31 MP: 3/3
   768 | D:1      | Reached skill level 1 in Invocations
   967 | D:2      | Reached skill level 1 in Short Blades
   967 | D:2      | Reached skill level 1 in Long Blades
   967 | D:2      | Reached skill level 1 in Axes
   967 | D:2      | Reached skill level 1 in Maces & Flails
   967 | D:2      | Reached skill level 1 in Polearms
   967 | D:2      | Reached skill level 1 in Staves
   967 | D:2      | Reached skill level 1 in Slings
   967 | D:2      | Reached skill level 1 in Crossbows
   967 | D:2      | Reached skill level 1 in Dodging
   967 | D:2      | Reached skill level 1 in Shields
   967 | D:2      | Reached skill level 1 in Unarmed Combat
   967 | D:2      | Reached skill level 1 in Spellcasting
   967 | D:2      | Reached skill level 1 in Evocations
  1114 | D:2      | Reached XP level 4. HP: 35/38 MP: 1/5
  1659 | D:2      | Reached skill level 1 in Conjurations
  1659 | D:2      | Reached skill level 1 in Hexes
  1659 | D:2      | Reached skill level 1 in Necromancy
  1659 | D:2      | Reached skill level 1 in Translocations
  1659 | D:2      | Reached skill level 1 in Transmutations
  1659 | D:2      | Reached skill level 1 in Fire Magic
  1659 | D:2      | Reached skill level 1 in Ice Magic
  1659 | D:2      | Reached skill level 1 in Earth Magic
  1659 | D:2      | Reached skill level 1 in Poison Magic
  1982 | D:2      | Found a faded altar of an unknown god.
  2394 | D:3      | Noticed an orc warrior
  2401 | D:3      | Reached XP level 5. HP: 38/43 MP: 6/6
  2438 | D:3      | Killed an orc warrior
  2708 | D:3      | Found an iron altar of Okawaru.
  3233 | D:3      | Found a sparkling altar of Nemelex Xobeh.
  3252 | D:3      | Became a worshipper of Nemelex Xobeh the Trickster
  3426 | D:4      | Found a broken altar of Ashenzari.
  3480 | D:4      | Found a glowing drain.
  3491 | D:4      | Reached XP level 6. HP: 50/50 MP: 5/8
  3492 | D:4      | Found a burning altar of Makhleb.
  3610 | Sewer    | Entered a sewer
  3931 | Sewer    | Reached skill level 5 in Fighting
  3931 | Sewer    | Reached skill level 5 in Bows
  4380 | D:4      | Found Xufiohis's Distillery.
  4472 | D:4      | Reached XP level 7. HP: 22/56 MP: 5/10
  4680 | D:4      | Found a roughly hewn altar of Beogh.
  5199 | D:4      | You fall into a shaft and drop 3 floors!
  5260 | D:7      | Found a staircase to the Ecumenical Temple.
  5261 | D:7      | Reached * piety under Nemelex Xobeh
  5367 | Temple   | Entered the Ecumenical Temple
  5380 | Temple   | Demolished by an orc warrior

Illustrated notes

Levels and vault maps discovered:
D:1:      psy_arrival_basics, layout_rooms
D:2:      layout_basic, chequers_ecumenical_altar_lobes
D:3:      layout_loops_cross, general_overflow_altar, old_standard_altar,
          serial_aquarium, aquarium_bridge_square [aquarium_subvault_bridge,
          aquarium_subvault_bridge, aquarium_subvault_bridge,
          aquarium_subvault_wall], aquarium_bridge_square
          [aquarium_subvault_bridge, aquarium_subvault_wall,
          aquarium_subvault_bridge, aquarium_subvault_wall], aquarium_window_3,
          aquarium_window_1, aquarium_view_4, aquarium_view_2a,
          aquarium_balcony_3b, aquarium_pool_2, wad_floor_pattern_untrapped
D:4:      layout_loops_cross, makhleb_heckhound_becter, kennysheep_mini_moat,
          nicolae_overflow_quartered_altars, cheibrodos_ashenzari_chains,
          serial_shops, shop, gup_sewer_entry_glass, kennysheep_orc_chapel
D:6:      layout_rooms, grunt_ministairs_6, kennysheep_generic_room_2,
          uniq_maggie, uniq_eustachio
D:7:      nzn_winding_woodlands_large [nzn_winding_woodlands_5x5_closed_star,
          nzn_winding_woodlands_5x15_pockets, nzn_winding_woodlands_hourglass,
          nzn_winding_woodlands_center_triple_pond,
          nzn_winding_woodlands_15x15_killbox,
          nzn_winding_woodlands_center_garden,
          nzn_winding_woodlands_5x5_perimeter,
          nzn_winding_woodlands_5x15_crooked,
          nzn_winding_woodlands_5x5_open_star], layout_loops_ring,
          temple_statues, serial_shops, shop, minmay_microvault
D:8:      hangedman_cross_stitches, layout_cave_pods, lemuel_crystal_altar,
          uniq_psyche
Temple:   minmay_temple_curvy_loop

Skill      XL: |  1  2  3  4  5  6 |
---------------+-------------------+-----
Air Magic      | 2 |  2.9
Invocations    | 1 2 |  2.6
Short Blades   | 1 2 |  2.3
Long Blades    | 1 2 |  2.3
Axes           | 1 2 |  2.3
Maces & Flails | 1 2 |  2.3
Polearms       | 1 2 |  2.3
Staves         | 1 2 |  2.3
Slings         | 1 2 |  2.3
Crossbows      | 1 2 |  2.3
Dodging        | 1 2 |  2.3
Shields        | 1 2 |  2.3
Unarmed Combat | 1 2 |  2.3
Spellcasting   | 1 2 |  2.3
Evocations     | 1 2 |  2.3
Conjurations   | 1 |  1.9
Hexes          | 1 |  1.9
Necromancy     | 1 |  1.9
Translocations | 1 |  1.9
Transmutations | 1 |  1.9
Fire Magic     | 1 |  1.9
Ice Magic      | 1 |  1.9
Earth Magic    | 1 |  1.9
Poison Magic   | 1 |  1.9
Throwing       | 3 |  3.5
Armour         | 3 |  3.5
Summonings     | 4 |  4.3
Stealth        | 3 |  3.4
Fighting       | 5 |  5.2
Bows           | 5 |  5.2

Action                   |  1- 3 |  4- 6 |  7- 9 || total
-------------------------+-------+-------+-------++-------
Melee: Hand axe          |   129 |   240 |    27 ||   396
       Bite              |    20 |    30 |     3 ||    53
       Punch             |       |       |     1 ||     1
 Fire: Hunting sling     |       |    37 |     5 ||    42
 Cast: Summon Small Mamm |     6 |    42 |    16 ||    64
Evoke: Wand              |       |    11 |       ||    11
  Use: Scroll            |       |     8 |       ||     8
 Stab: Paralysed         |       |    19 |       ||    19
       Sleeping          |       |     1 |       ||     1
       Distracted        |       |     1 |       ||     1
Armor: Ring mail         |    63 |    62 |       ||   125
       Scale mail        |       |    60 |    12 ||    72
Dodge: Dodged            |    95 |   146 |    14 ||   255
